 Dungeon Crawl Stone Soup version 0.27.0-1-g7a08968 (webtiles) character file.

Game seed: 1820638968707919869

2872 NeededCrab the Summoner (level 9, -2/66 HPs)
             Began as a Gnoll Summoner on Oct 2, 2021.
             Was an Elder of Zin.
             Slain by a killer bee (7 damage)
             ... on level 7 of the Dungeon.
             The game lasted 00:52:13 (13026 turns).

NeededCrab the Summoner (Gnoll Summoner)           Turns: 13026, Time: 00:52:15

Health: -2/66      AC:  3    Str: 10    XL:     9   Next: 76%
Magic:  2/19       EV: 14    Int: 18    God:    Zin [****..]
Gold:   350        SH:  0    Dex: 13    Spells: 5/21 levels left

rFire    . . .     SeeInvis .   m - +2 whip (flame)
rCold    . . .     Faith    .   (no shield)
rNeg     . . .     Spirit   .   a - +0 robe
rPois    ∞         Reflect  .   H - +0 helmet
rElec    .         Harm     .   (no cloak)
rCorr    .         Rampage  .   (no gloves)
Will     .....                  (no boots)
Stlth    +++.......             (no amulet)
HPRegen  0.21/turn              (no ring)
MPRegen  0.16/turn              (no ring)

@: vitalised, flying, studying Stealth
A: fangs 1, strong nose, distributed training
a: Renounce Religion, Recite, Vitalisation, Imprison, Donate Gold


You were on level 7 of the Dungeon.
You worshipped Zin.
Zin was greatly pleased with you.
You visited 2 branches of the dungeon, and saw 8 of its levels.
You also visited: Sewer.

You collected 388 gold pieces.
You donated 38 gold pieces to Zin.

Inventory:

Hand Weapons
 c - a +0 flail
 g - a +0 halberd
 m - a +2 whip of flaming (weapon)
 q - a +0 hand crossbow
Missiles
 r - 12 bolts
 A - 5 javelins (quivered)
Armour
 a - a +0 robe (worn)
 o - the +1 chain mail of the Unbroken {Rampage rC+ Dex+2 Stlth+}
   (You found it on level 4 of the Dungeon)

   Dex:       It affects your dexterity (+2).
   rC:        It protects you from cold.
   Rampage:   It bestows one free step when moving towards enemies.
   Stlth:     It makes you more stealthy.
 u - a +0 leather armour
 F - a +0 scale mail
 H - a +0 helmet (worn)
Magical Staves
 t - a staff of cold
Jewellery
 w - a ring of fire
Wands
 x - a wand of paralysis (2)
Scrolls
 b - 5 scrolls of teleportation
 d - 2 scrolls of identify
 j - 4 scrolls of fear
 p - a scroll of blinking {unknown}
 s - 2 scrolls of enchant armour
 v - a scroll of immolation {unknown}
 y - a scroll of noise {unknown}
 z - a scroll of brand weapon {unknown}
 B - a scroll of summoning {unknown}
 D - 2 scrolls of fog {unknown}
 J - a scroll of enchant weapon {unknown}
Potions
 e - a potion of flight
 f - 3 potions of curing
 h - a potion of ambrosia {unknown}
 i - 2 potions of haste {unknown}
 k - a potion of heal wounds {unknown}
 l - a potion of mutation {unknown}
 n - a potion of might {unknown}
 C - a potion of resistance {unknown}
 E - a potion of experience {unknown}
 G - a potion of lignification {unknown}
 I - a potion of degeneration {unknown}


   Skills:
 + Level 4.5 Fighting
 + Level 4.5 Short Blades
 + Level 4.5 Long Blades
 + Level 4.5 Axes
 + Level 4.5 Maces & Flails
 + Level 4.5 Polearms
 + Level 4.5 Staves
 + Level 4.5 Slings
 + Level 4.5 Bows
 + Level 4.5 Crossbows
 + Level 4.5 Throwing
 + Level 4.5 Armour
 + Level 6.5 Dodging
 + Level 6.4 Stealth
 + Level 4.5 Shields
 + Level 4.5 Unarmed Combat
 + Level 6.8 Spellcasting
 + Level 3.7 Conjurations
 + Level 3.7 Hexes
 + Level 8.1 Summonings
 + Level 3.7 Necromancy
 + Level 3.7 Translocations
 + Level 3.7 Transmutations
 + Level 3.7 Fire Magic
 + Level 3.7 Ice Magic
 + Level 3.7 Air Magic
 + Level 3.7 Earth Magic
 + Level 3.7 Poison Magic
 + Level 5.0 Invocations
 + Level 4.5 Evocations


You had 5 spell levels left.
You knew the following spells:

 Your Spells              Type           Power      Damage    Failure   Level
a - Summon Small Mammal   Summ           100%       N/A       1%          1
b - Summon Lightning Spi  Summ/Air       27%        N/A       10%         4
c - Call Canine Familiar  Summ           35%        N/A       1%          3
d - Summon Guardian Gole  Hex/Summ       27%        N/A       2%          3
e - Tukima's Dance        Hex            19%        N/A       7%          3
L - Call Imp              Summ           35%        N/A       1%          2

Your spell library contained the following spells:

 Spells                   Type           Power      Damage    Failure   Level
 Passage of Golubria      Tloc           N/A        N/A       24%         4
 Yara's Violent Unravell  Hex/Tmut       9%         3d6       54%         5


Dungeon Overview and Level Annotations

Branches:
Dungeon (7/15)             Temple (1/1) D:4           Sewer (visited)

Altars:
Ashenzari
Cheibriados
Dithmenos
Fedhas
Gozag
Hepliaklqana
Kikubaaqudgha
Makhleb
Nemelex Xobeh
Okawaru
Qazlal
Ru
Sif Muna
Trog
Uskayaw
Vehumet
Wu Jian
Xom
Yredelemnul
Zin
The Shining One

Shops:
D:1 !


Innate Abilities, Weirdness & Mutations

You have very sharp teeth.
Your uncanny sense of smell can sniff out nearby items.
Your experience applies equally to all skills.


Message History

The killer bee stings you. x3
Your divine stamina protects you from poison!
The killer bee stings you.
Your lightning spire is engulfed in blazing flames.
The killer bee stings you. The killer bee completely misses you.
Your magical contamination has completely faded away.
Casting: Call Canine Familiar (safe; 1% risk of failure)
Confirm with . or Enter, or press ? or * to list all spells.
An electric hum fills the air.
Your lightning spire disappears in a puff of smoke!
The killer bee misses you. The killer bee stings you!
* * * LOW HITPOINT WARNING * * *
The killer bee stings you.
* * * LOW HITPOINT WARNING * * *
The killer bee closely misses you. x3
The killer bee barely misses you. The killer bee stings you.
* * * LOW HITPOINT WARNING * * *
The killer bee barely misses you.
The killer bee barely misses your lightning spire.
The killer bee stings your lightning spire.
The killer bee completely misses you.
The killer bee stings your lightning spire but does no damage. x2
Your lightning spire shoots out a bolt of lightning at the killer bee!
The bolt of electricity misses the killer bee.
Casting: Summon Lightning Spire (dangerous; 10% risk of failure)
Confirm with . or Enter, or press ? or * to list all spells.
You don't have enough magic to cast this spell.
The killer bee stings your lightning spire but does no damage.
The killer bee stings you but does no damage.
The killer bee stings your lightning spire but does no damage.
The killer bee stings you.
* * * LOW HITPOINT WARNING * * *
You feel very buoyant.
You fly up into the air.
You are no longer poisoned.
The killer bee stings you.
* * * LOW HITPOINT WARNING * * *
The killer bee stings your lightning spire but does no damage.
The killer bee stings you!
You die...

#.........# #.§.☼##...#
#.........# ∆
#)§°......#
#.........##+# # .
#........#...#.#..
##.#....y.........
###.#.....8y.......
#.........y@.......
#.#.....#.#.....#..
#.#.....#.##....#
#.#.....#.##....#
#.#...............
#.##...##(.......##
#................#
######.)...#.#....#.#.#
#................


You could see 3 killer bees and a friendly lightning spire (summoned).

Vanquished Creatures
  Eustachio (D:4)
  A necrophage (D:4)
  A bullfrog zombie (D:5)
  A bullfrog skeleton (D:5)
  An orc priest (D:4)
  A centaur skeleton (D:6)
  Ijyb (D:3)
  A hound skeleton (D:4)
  A howler monkey skeleton (D:4)
  3 adders
  2 hound simulacra (D:4)
  2 adder skeletons (D:4)
  A worm (D:6)
  6 orcs
  4 endoplasms
  4 giant cockroaches
  3 goblins
  3 hobgoblins
  3 jackals
  4 quokkas
  4 ball pythons
  A bat (D:1)
  12 kobolds
  2 rats (D:2)
63 creatures vanquished.

Vanquished Creatures (collateral kills)
  Grinder (D:3)
  The ghost of Ozzieoiler the Magician, an amateur DjFE of Elyvilon (D:4)
  A wyvern (D:5)
  2 water moccasins (D:5)
  2 sky beasts (D:5)
  2 black bears
  3 centaurs
  2 phantoms
  A scorpion (D:4)
  2 water moccasin skeletons
  3 nameless horrors
  A bullfrog zombie (D:5)
  A centaur zombie (D:6)
  4 hounds
  An orc priest (D:4)
  A water moccasin simulacrum (D:4)
  3 iguanas
  Natasha (thrice) (D:3)
  A howler monkey zombie (D:5)
  10 gnolls
  A howler monkey skeleton (D:5)
  8 adders
  A white imp (D:6)
  2 adder skeletons (D:4)
  2 worms (D:6)
  2 dart slugs
  2 orcs
  8 ball pythons
  5 endoplasms
  2 giant cockroaches
  4 goblins
  3 hobgoblins
  6 jackals
  3 quokkas
  6 bats
  6 frilled lizards
  10 kobolds
  7 rats
123 creatures vanquished.

Vanquished Creatures (others)
  Pikel (D:4)
  The ghost of RazingBull the Covered, an amateur MiFi (D:3)
  An ice beast (D:4)
  2 ogres
  4 lemures (D:4)
  A kobold brigand (D:3)
  A bullfrog (D:4)
  A scorpion (D:4)
  A killer bee (D:7)
  An iguana (D:4)
  A bullfrog simulacrum (D:4)
  2 scorpion simulacra (D:4)
  An adder skeleton (D:4)
  An orc (D:4)
  2 giant cockroaches (D:4)
  A goblin (D:4)
  2 kobolds (D:3)
  3 fungi (D:3)
  21 plants
48 creatures vanquished.

Grand Total: 234 creatures vanquished

Notes
Turn   | Place    | Note
-------+----------+-------------------------------------------
     0 | D:1      | NeededCrab the Gnoll Summoner began the quest for the Orb.
     0 | D:1      | Reached XP level 1. HP: 13/13 MP: 6/6
   205 | D:1      | Reached XP level 2. HP: 14/19 MP: 4/7
   277 | D:1      | Learned a level 2 spell: Call Imp
   658 | D:1      | Found Kasem's Distillery.
   690 | D:1      | Found a faded altar of an unknown god.
   817 | D:1      | Became a worshipper of Zin the Law-Giver
   817 | D:1      | Reached * piety under Zin
  1755 | D:1      | Reached XP level 3. HP: 3/25 MP: 3/9
  2041 | D:1      | Learned a level 3 spell: Call Canine Familiar
  2085 | D:2      | Reached skill level 5 in Spellcasting
  2258 | D:2      | Reached skill level 1 in Invocations
  2300 | D:2      | Reached skill level 1 in Fighting
  2300 | D:2      | Reached skill level 1 in Short Blades
  2300 | D:2      | Reached skill level 1 in Long Blades
  2300 | D:2      | Reached skill level 1 in Axes
  2300 | D:2      | Reached skill level 1 in Maces & Flails
  2300 | D:2      | Reached skill level 1 in Polearms
  2300 | D:2      | Reached skill level 1 in Staves
  2300 | D:2      | Reached skill level 1 in Slings
  2300 | D:2      | Reached skill level 1 in Bows
  2300 | D:2      | Reached skill level 1 in Crossbows
  2300 | D:2      | Reached skill level 1 in Throwing
  2300 | D:2      | Reached skill level 1 in Armour
  2300 | D:2      | Reached skill level 1 in Shields
  2300 | D:2      | Reached skill level 1 in Unarmed Combat
  2300 | D:2      | Reached skill level 1 in Evocations
  2508 | D:2      | Reached XP level 4. HP: 24/32 MP: 4/11
  2516 | D:2      | HP: 1/32 [gnoll (8)]
  3181 | D:2      | Reached ** piety under Zin
  3326 | D:3      | Learned a level 4 spell: Summon Lightning Spire
  3330 | D:3      | Learned a level 3 spell: Summon Guardian Golem
  3520 | D:3      | Noticed Grinder
  3529 | D:3      | Killed Grinder
  3530 | D:3      | Reached skill level 1 in Conjurations
  3530 | D:3      | Reached skill level 1 in Hexes
  3530 | D:3      | Reached skill level 1 in Necromancy
  3530 | D:3      | Reached skill level 1 in Translocations
  3530 | D:3      | Reached skill level 1 in Transmutations
  3530 | D:3      | Reached skill level 1 in Fire Magic
  3530 | D:3      | Reached skill level 1 in Ice Magic
  3530 | D:3      | Reached skill level 1 in Air Magic
  3530 | D:3      | Reached skill level 1 in Earth Magic
  3530 | D:3      | Reached skill level 1 in Poison Magic
  3530 | D:3      | Reached XP level 5. HP: 35/37 MP: 5/12
  3750 | D:3      | Found a runed translucent gate.
  3751 | D:3      | Found a runed translucent gate.
  3752 | D:3      | Found a runed translucent gate.
  3754 | D:3      | Noticed a kobold brigand
  3756 | D:3      | Noticed RazingBull's ghost (amateur MiFi)
  3798 | D:3      | Noticed Natasha
  3808 | D:3      | Killed Natasha
  3975 | D:3      | Noticed Natasha
  3982 | D:3      | Killed Natasha
  3983 | D:3      | Reached XP level 6. HP: 39/44 MP: 9/13
  4070 | D:3      | Noticed Ijyb
  4109 | D:3      | Killed Ijyb
  4535 | D:3      | Noticed Natasha
  4551 | D:3      | Killed Natasha
  4826 | D:4      | Reached skill level 5 in Dodging
  4840 | D:4      | Noticed Pikel
  4844 | D:4      | Killed Pikel
  4845 | D:4      | Reached skill level 5 in Stealth
  4845 | D:4      | Reached XP level 7. HP: 41/51 MP: 2/15
  4939 | D:4      | Found an ancient bone altar of Kikubaaqudgha.
  4939 | D:4      | Found an iron altar of Okawaru.
  4941 | D:4      | Found a glowing golden altar of the Shining One.
  5021 | D:4      | Found a runed translucent gate.
  5022 | D:4      | Found a runed translucent gate.
  5023 | D:4      | Found a runed translucent gate.
  5040 | D:4      | Identified the +1 chain mail of the Unbroken {Rampage rC+
                  | Dex+2 Stlth+}
  5300 | D:4      | Reached XP level 8. HP: 45/57 MP: 14/16
  5748 | D:4      | Reached *** piety under Zin
  6052 | D:4      | Noticed Ozzieoiler's ghost (amateur DjFE)
  6139 | D:4      | Found a staircase to the Ecumenical Temple.
  6178 | Temple   | Entered the Ecumenical Temple
  6483 | D:4      | Found a stormy altar of Qazlal.
  6502 | D:4      | Noticed Eustachio
  6538 | D:4      | Killed Eustachio
  6741 | D:4      | Learned a level 3 spell: Tukima's Dance
  7797 | D:3      | Killed RazingBull's ghost
  8417 | D:4      | Killed Ozzieoiler's ghost
  8418 | D:4      | Reached XP level 9. HP: 64/65 MP: 13/18
  8622 | D:5      | Entered Level 5 of the Dungeon
  8791 | D:5      | Reached **** piety under Zin
  8943 | D:5      | Reached skill level 8 in Summonings
 10334 | D:6      | Found a glowing drain.
 10354 | Sewer    | Entered a sewer
 12308 | D:6      | Reached skill level 5 in Invocations
 12489 | D:6      | Found a sacrificial altar of Ru.
 12726 | D:6      | Found a radiant altar of Vehumet.
 12726 | D:6      | Found a basalt altar of Yredelemnul.
 12728 | D:6      | Found a shimmering blue altar of Sif Muna.
 13026 | D:7      | Slain by a killer bee

Illustrated notes

Levels and vault maps discovered:
D:1:      elethiomel_arrival_diamonds, layout_loops_ring, serial_shops,
          shop_statue, hellmonk_ecumenical_altar_run_dry, minmay_misc_feat_rows
D:2:      layout_basic
D:3:      layout_loops_cross, gammafunk_ghost_nasty_kobolds, uniq_natasha,
          uniq_grinder, uniq_ijyb
D:4:      layout_basic, chequers_temple_overflow_statue_of_worship,
          kennysheep_mini_moat, minmay_temple_entry_ruins, gammafunk_ghost_icy,
          nzn_random_ring, uniq_pikel, uniq_eustachio
D:5:      layout_cave_pools, st_stairs_10, minmay_manual_macuahuitl
D:6:      layout_layer_cave, nicolae_ru_the_path_less_chosen,
          nicolae_overflow_hidden_temple, cheibrodos_sewer_entry_drain
D:7:      nzn_winding_woodlands_cross [nzn_winding_woodlands_5x15_twine,
          nzn_winding_woodlands_5x15_split_checker,
          nzn_winding_woodlands_5x15_default,
          nzn_winding_woodlands_5x15_crooked,
          nzn_winding_woodlands_15x15_eel_pit], layout_basic, elyvilon_altar_3,
          lightli_corner_chamber
Temple:   dshaligram_water_room_temple

Skill      XL: |  1  2  3  4  5  6  7  8  9 |
---------------+----------------------------+-----
Spellcasting   | 5 6 |  6.8
Invocations    | 1 2 3 4 5 |  5.0
Fighting       | 1 2 3 4 |  4.5
Short Blades   | 1 2 3 4 |  4.5
Long Blades    | 1 2 3 4 |  4.5
Axes           | 1 2 3 4 |  4.5
Maces & Flails | 1 2 3 4 |  4.5
Polearms       | 1 2 3 4 |  4.5
Staves         | 1 2 3 4 |  4.5
Slings         | 1 2 3 4 |  4.5
Bows           | 1 2 3 4 |  4.5
Crossbows      | 1 2 3 4 |  4.5
Throwing       | 1 2 3 4 |  4.5
Armour         | 1 2 3 4 |  4.5
Shields        | 1 2 3 4 |  4.5
Unarmed Combat | 1 2 3 4 |  4.5
Evocations     | 1 2 3 4 |  4.5
Conjurations   | 1 2 3 |  3.7
Hexes          | 1 2 3 |  3.7
Necromancy     | 1 2 3 |  3.7
Translocations | 1 2 3 |  3.7
Transmutations | 1 2 3 |  3.7
Fire Magic     | 1 2 3 |  3.7
Ice Magic      | 1 2 3 |  3.7
Air Magic      | 1 2 3 |  3.7
Earth Magic    | 1 2 3 |  3.7
Poison Magic   | 1 2 3 |  3.7
Dodging        | 5 6 |  6.5
Stealth        | 5 6 |  6.4
Summonings     | 8 |  8.1

Action                   |  1- 3 |  4- 6 |  7- 9 || total
-------------------------+-------+-------+-------++-------
Melee: Dagger            |    78 |     2 |       ||    80
       Bite              |     4 |     2 |    16 ||    22
       Club              |     2 |       |       ||     2
       Halberd           |       |    68 |       ||    68
       Unarmed           |       |     4 |       ||     4
       Whip              |       |       |   234 ||   234
       Punch             |       |       |     5 ||     5
Throw: Javelin           |       |       |     1 ||     1
 Cast: Summon Small Mamm |    39 |    17 |    12 ||    68
       Call Imp          |     9 |       |       ||     9
       Call Canine Famil |     9 |    17 |    24 ||    50
       Summon Guardian G |       |     5 |    44 ||    49
       Summon Lightning  |       |     1 |    45 ||    46
Invok: Recite            |     7 |    10 |    13 ||    30
       Vitalisation      |       |       |     2 ||     2
  Use: Scroll            |       |       |     7 ||     7
       Potion            |       |       |     1 ||     1
 Stab: Sleeping          |     2 |     1 |     1 ||     4
       Distracted        |       |     1 |     1 ||     2
       Confused          |       |     1 |     1 ||     2
Armor: Robe              |    21 |     7 |    38 ||    66
Dodge: Dodged            |    74 |    35 |   174 ||   283
